 Dungeon Crawl Stone Soup version 0.29.1-12-g30fa7ad0bf (webtiles) character file.

Game seed: 2674220786576493728

17 hawla the Firebug (level 3, 0/27 HPs)
             Began as a Meteoran Fire Elementalist on Jan 10, 2023.
             Slain by an orc
             ... wielding a +0 dagger
              (3 damage)
             ... on level 3 of the Dungeon.
             The game lasted 00:01:35 (292 turns).

hawla the Firebug (Meteoran Fire Elementalist)       Turns: 292, Time: 00:01:36

Health: 0/27       AC:  2    Str: 10    XL:     3   Next: 2%
Magic:  8/8        EV: 12    Int: 18    God:
Gold:   0          SH:  0    Dex: 14    Spells: 7/8 levels left

rFire   . . .      SeeInvis .   (no weapon)
rCold   . . .      Faith    .   (no shield)
rNeg    . . .      Spirit   .   a - +0 robe
rPois   .          Reflect  .   (no helmet)
rElec   .          Harm     .   (no cloak)
rCorr   .          Rampage  .   (no gloves)
Will    .....                   (no boots)
Stlth   +.........              (no amulet)
HPRegen 0.09/turn               (no ring)
MPRegen 0.11/turn               (no ring)

@: glowing
A: sense surroundings 1, otherworldly, glowing, explore regen
a: no special abilities


You were on level 3 of the Dungeon.
You visited 1 branch of the dungeon, and saw 3 of its levels.

Inventory:

Armour
 a - a +0 robe (worn)
Scrolls
 c - a scroll of teleportation {unknown}
Potions
 d - a potion of curing {unknown}
 e - a potion of degeneration {unknown}


   Skills:
 + Level 0.5 Fighting
 + Level 2.5 Dodging
 - Level 1.4 Stealth
 + Level 3.0 Spellcasting
 + Level 1.5 Conjurations
 + Level 4.1 Fire Magic


You had 7 spell levels left.
You knew the following spells:

 Your Spells              Type           Power      Damage    Failure   Level
a - Foxfire               Conj/Fire      48%        2x1d6     4%          1

Your spell library contained the following spells:

 Spells                   Type           Power      Damage    Failure   Level
 Scorch                   Fire           34%        2d6       4%          2
 Conjure Flame            Conj/Fire      12%        6-21      16%         3
 Inner Flame              Hex/Fire       10%        N/A       21%         3
 Flame Wave               Conj/Fire      12%        2d6       45%         4


Dungeon Overview and Level Annotations

Branches:
Dungeon (3/15) Zot: 1507

Altars:


Innate Abilities, Weirdness & Mutations

You passively map a small area around you.
You are easily found by Zot.
You glow in the dark.
You regain HP and MP as you explore.


Message History

The orc priest is lightly wounded.
The foxfire hits the orc priest.
The orc priest is moderately wounded.
The foxfire hits the orc priest.
The orc priest is moderately wounded.
Casting: Foxfire (safe; 4% risk of failure)
Confirm with . or Enter, or press ? or * to list all spells.
You conjure some foxfire!
The orc priest completely misses you.
The orc priest completely misses your foxfire.
The orc priest closely misses your foxfire.
Your magical contamination has completely faded away.
The foxfire hits the orc priest.
The orc priest is severely wounded.
The foxfire hits the orc priest.
The orc priest is severely wounded.
The orc priest hits you with a +0 hand axe.
Casting: Foxfire (safe; 4% risk of failure)
Confirm with . or Enter, or press ? or * to list all spells.
You conjure some foxfire!
The foxfire hits the orc priest.
The orc priest is almost dead.
The foxfire hits the orc.
The orc is severely wounded.
Casting: Foxfire (safe; 4% risk of failure)
Confirm with . or Enter, or press ? or * to list all spells.
You conjure some foxfire!
The orc completely misses you.
The orc priest hits you with a +0 hand axe.
You hit the orc priest but do no damage.
The orc priest is almost dead.
The foxfire hits the orc.
The orc is severely wounded.
The orc hits you with a +0 dagger.
The orc priest calls down the wrath of Beogh upon you.
Beogh smites you! Magic courses through your body.
The orc completely misses you.
The orc priest hits you with a +0 hand axe.
* * * LOW HITPOINT WARNING * * *
The orc priest attacks as you move away!
The orc priest closely misses you. The orc hits you but does no damage.
The orc attacks as you move away! The orc hits you with a +0 dagger.
You die...

, * , * * * * ##### *
** * ##...## * ,,
##.....## * * #.<.....#
* , #.......#
############. *
#.......###...@o.......
##..........###o####...
*, #........#### ...#*
, , #........# *..~..#
* * #.........
..~~~..., ,
##.....######..~..### ,
##(..## * ##...## ##..
##.## ,, , ,..# , , ,,


You could see an orc priest and an orc.

Vanquished Creatures
  2 worms (D:2)
  An orc (D:3)
  A bat (D:3)
  2 goblins (D:2)
  A hobgoblin (D:2)
  A ball python (D:1)
  2 kobolds (D:2)
10 creatures vanquished.

Vanquished Creatures (others)
  39 foxfires
39 creatures vanquished.

Grand Total: 49 creatures vanquished

Notes
Turn   | Place    | Note
-------+----------+-------------------------------------------
     0 | D:1      | hawla the Meteoran Fire Elementalist began the quest for
                  | the Orb.
     0 | D:1      | Reached XP level 1. HP: 14/14 MP: 5/5
    73 | D:2      | Reached XP level 2. HP: 20/20 MP: 5/7
   227 | D:2      | Reached skill level 4 in Fire Magic
   282 | D:3      | Reached XP level 3. HP: 24/27 MP: 3/8
   292 | D:3      | Slain by an orc

Illustrated notes

Levels and vault maps discovered:
D:1:      dpeg_arrival_simpleton_c, layout_basic,
          shapermc_ecumenical_altar_hornbeckon
D:2:      layout_loops_ring, nrook_campfire
D:3:      layout_rooms, nicolae_overflow_ecumenical_swirl,
          amcnicky_mini_pool_small, uniq_sigmund

Skill      XL: |  1  2 |
---------------+-------+-----
Spellcasting   | 3 |  3.0
Fire Magic     | 4 |  4.1
Fighting       | |  0.5
Dodging        | |  2.5
Stealth        | |  1.4
Conjurations   | |  1.5

Action                   || total
-------------------------++-------
Melee: Unarmed           ||     3
 Cast: Foxfire           ||    26
  Use: Potion            ||     1
Armor: Robe              ||     1
Dodge: Dodged            ||     8
